 Dungeon Sprint DCSS version 0.29-a0-819-g94b489e0ae (webtiles) character file.

Game seed: 17750351505082348310

1500000 Ayihk420 the Slayer (level 15, -1/124 HPs)
             Began as a Gargoyle Monk on July 6, 2022.
             Slain by a meat berserker
             ... wielding a +9 battleaxe
              (47 damage)
             ... in the Dungeon (Sprint VIII: "Arena of Blood").
             The game lasted 00:00:52 (15 turns).

Ayihk420 the Slayer (Gargoyle Monk)                   Turns: 15, Time: 00:00:53

Health: -1/124     AC: 13    Str: 17    XL:     15   Next: 25%
Magic:  15/15      EV: 24    Int: 12    God:
Gold:   0          SH:  0    Dex: 16    Spells: 14/14 levels left

rFire   . . .      SeeInvis .   i - +∞ Axe of Woe
rCold   . . .      Faith    .   (shield currently unavailable)
rNeg    + . .      Spirit   .   a - +0 robe
rPois   ∞          Reflect  .   (no helmet)
rElec   +          Harm     .   (no cloak)
rCorr   .          Rampage  .   (no gloves)
Will    +....      NoTele   +   (no boots)
Stlth   +++++.....              (no amulet)
HPRegen 0.30/turn               k - +30 ring of slaying
MPRegen 0.14/turn               (no ring)

@: flying
A: sickness immunity, AC +11, big wings, negative energy resistance 1,
electricity resistance, torment resistance 1, petrification resistance
a: no special abilities


You were in the Dungeon.
You visited 1 branch

Inventory:

Hand Weapons
 i - the +∞ Axe of Woe (weapon)
   (You found it in the Dungeon)
 j - a +9 battleaxe
Armour
 a - a +0 robe (worn)
Jewellery
 k - a +30 ring of slaying (left hand)
Scrolls
 h - a scroll of blinking
Potions
 b - a potion of ambrosia
 c - a potion of curing
 d - a potion of heal wounds
 e - a potion of haste
 f - 2 potions of magic
 g - a potion of berserk rage


   Skills:
 + Level 26.1 Fighting
 + Level 8.7 Axes
 + Level 20.4 Dodging
 + Level 11.1 Stealth
 + Level 23.4 Unarmed Combat


You had 14 spell levels left.
You didn't know any spells.
Your spell library was empty.

Dungeon Overview and Level Annotations

Branches:
Dungeon (1/1)

Altars:
Makhleb


Innate Abilities, Weirdness & Mutations

You are immune to sickness and miasma.
Your stone body is resilient. (AC +11)
You are immune to poison.
Your large and strong wings let you fly.
You resist negative energy. (rN+)
You are resistant to electric shocks. (rElec)
You are resistant to unholy torment.
You are immune to petrification.


Message History

You dissect the bag of meat like a pig carcass.
You kill the bag of meat!
You slice the bag of meat!!
You fatally mangle the bag of meat.
You kill the bag of meat!
The bag of meat appears out of thin air!
A bag of meat comes into view. It is wielding a +9 war axe.
The bag of meat appears out of thin air!
A bag of meat comes into view. It is wielding a +9 war axe.
You hear a shout! x11
A meat berserker comes into view. It is wielding a +9 battleaxe.
You hear a shout! x3
Your Fighting skill increases to level 25!
Your Axes skill increases to level 7!
Your Dodging skill increases to level 20!
Your Unarmed Combat skill increases to level 22!
You have reached level 15!
Your experience leads to an increase in your attributes!
Increase (S)trength, (I)ntelligence, or (D)exterity?
You feel agile. x2
The bag of meat shouts! x2
You slice the bag of meat!!
You cleave the bag of meat in twain.
You kill the bag of meat!
You hear a shout!
The meat berserker rages.
You hear a shout! x3
The meat berserker rages.
You hear a shout! x8
Your Fighting skill increases to level 26!
Your Axes skill increases to level 8!
Your Stealth skill increases to level 11!
Your Unarmed Combat skill increases to level 23!
Unknown command.
You slash the bag of meat!
You pulverise the bag of meat into a thin bloody mist.
You kill the bag of meat!
A meat berserker comes into view. It is wielding a +9 battleaxe.
You hear a shout! x5
A bag of meat comes into view. It is wielding a +9 war axe.
The meat berserker hits you with a +9 battleaxe!!!
You die...

...... ..... ..
#.... .# .. #...
..# ...###...
..###.
........###......
#......)._......
#))...# #_@O._#
#†o)..#
#..o....._....O.
.......O###....o.
.o.###... ..###.
.. #... ..# #....
.# ..... ..
.......


You could see 3 meat berserkers and 3 bags of meat.

Vanquished Creatures
  3 ogres (D)
  5 orcs (D)
8 creatures vanquished.

Notes
Turn   | Place    | Note
-------+----------+-------------------------------------------
     0 | D        | Found the +∞ Axe of Woe
     0 | D        | Ayihk420 the Gargoyle Monk began the quest for the Orb.
     0 | D        | Reached XP level 1. HP: 14/14 MP: 1/1
     0 | D        | Noticed a meat berserker
     3 | D        | Killed a meat berserker
     3 | D        | Noticed a bag of meat
     4 | D        | Reached skill level 18 in Fighting
     4 | D        | Reached XP level 2. HP: 39/39 MP: 2/2
     4 | D        | Reached XP level 3. HP: 44/44 MP: 3/3
     4 | D        | Reached XP level 4. HP: 50/50 MP: 4/4
     4 | D        | Reached XP level 5. HP: 55/55 MP: 5/5
     4 | D        | Reached XP level 6. HP: 60/60 MP: 6/6
     4 | D        | Reached XP level 7. HP: 66/66 MP: 7/7
     4 | D        | Reached XP level 8. HP: 72/72 MP: 8/8
     4 | D        | Reached XP level 9. HP: 76/76 MP: 9/9
     4 | D        | Reached XP level 10. HP: 83/83 MP: 10/10
     4 | D        | Reached XP level 11. HP: 88/88 MP: 11/11
     4 | D        | Reached XP level 12. HP: 93/93 MP: 12/12
     4 | D        | Noticed a bag of meat
     6 | D        | Noticed a meat berserker
     8 | D        | Noticed a bag of meat
     8 | D        | Noticed a meat berserker
     9 | D        | Killed a meat berserker
     9 | D        | Noticed a bag of meat
    10 | D        | Reached skill level 21 in Fighting
    10 | D        | Reached XP level 13. HP: 104/104 MP: 13/13
    11 | D        | Killed a meat berserker
    11 | D        | Noticed a bag of meat
    11 | D        | Noticed a bag of meat
    12 | D        | Reached skill level 23 in Fighting
    12 | D        | Reached skill level 5 in Axes
    12 | D        | Gained mutation: Your large and strong wings let you fly.
                  | [Gargoyle growth]
    12 | D        | Reached XP level 14. HP: 40/114 MP: 14/14
    12 | D        | Killed a bag of meat
    12 | D        | Noticed a meat berserker
    13 | D        | Reached skill level 24 in Fighting
    13 | D        | Reached skill level 10 in Stealth
    13 | D        | Killed a bag of meat
    13 | D        | Killed a bag of meat
    13 | D        | Noticed a meat berserker
    14 | D        | Reached skill level 25 in Fighting
    14 | D        | Reached XP level 15. HP: 45/124 MP: 15/15
    15 | D        | Reached skill level 26 in Fighting
    15 | D        | Noticed a meat berserker
    15 | D        | Slain by a meat berserker

Illustrated notes

Levels and vault maps discovered:
D:        meatsprint

Skill      XL: |  1  2  3  4  5  6  7  8  9 10 11 12 13 14 15 |
---------------+----------------------------------------------+-----
Fighting       | 18 21 23 25 26 | 26.1
Axes           | 3 4 5 7 8 |  8.7
Dodging        | 14 16 18 20 | 20.4
Stealth        | 7 9 10 11 | 11.1
Unarmed Combat | 16 19 20 22 23 | 23.4

Action                   |  1- 3 |  4- 6 |  7- 9 | 10-12 | 13-15 || total
-------------------------+-------+-------+-------+-------+-------++-------
Melee: Executioner's axe |     1 |       |       |     1 |     5 ||     7
Dodge: Dodged            |       |       |       |     1 |       ||     1

Table legend: (Time is in decaauts)
 A = Elapsed time spent in this place.
 B = Non-inter-level travel time spent in this place.
 C = Inter-level travel time spent in this place.
 D = Time resting spent in this place.
 E = Time spent auto-exploring this place.
 F = Levels seen in this place.
 G = Mean time per level.
                   A        B        C        D        E       F      G
               +--------+--------+--------+--------+--------+-----+--------+
         Total |     17 |     17 |      0 |      0 |      0 |   1 |   17.0 |
       Dungeon |     17 |     17 |      0 |      0 |      0 |   1 |   17.0 |
               +--------+--------+--------+--------+--------+-----+--------+

Top non-repeatable levels by time:
       D: 17 daAuts
